 Dungeon Crawl Stone Soup version 0.24.0-13-gcf9b319 (webtiles) character file.

Game seed: 8864739304443658907, levelgen mode: deterministic

3355 Balder the Slasher (level 9, -1/72 (73) HPs)
             Began as a Demigod Fighter on Apr 15, 2020.
             Slain by an orc warrior
             ... wielding a +0 glaive
              (15 damage)
             ... on level 8 of the Dungeon on Apr 18, 2020.
             The game lasted 00:35:51 (6373 turns).

Balder the Slasher (Demigod Fighter)                Turns: 6373, Time: 00:35:51

HP:   -1/72 (73)    AC: 13    Str: 23    XL:     9   Next: 45%
MP:   12/12         EV:  8    Int: 12    God:
Gold: 468           SH: 11    Dex: 19    Spells: 8/8 levels left

rFire    . . .     SeeInvis .   N - +11 mace "Ucahuh" {drain, rN+}
rCold    . . .     Gourm    +   c - +0 shield
rNeg     + . .     Faith    .   d - +0 chain mail
rPois    .         Spirit   .   P - +0 helmet
rElec    .         Reflect  .   p - +0 cloak
rCorr    +         Harm     .   (no gloves)
MR       .....                  n - +0 pair of boots
Stlth    ..........             D - amulet of the gourmand
HPRegen  0.22/turn              s - ring of resist corrosion
MPRegen  0.13/turn              t - +2 ring of strength

@: studying Axes
A: high mp 1
a: no special abilities


You were on level 8 of the Dungeon.
You were very hungry.

You visited 1 branch of the dungeon, and saw 8 of its levels.

You collected 468 gold pieces.

Inventory:

Hand Weapons
 a - a +4 falchion of freezing
 b - a +1 war axe of electrocution
 z - a +0 hand crossbow
 B - a +1 war axe of chopping
 F - a +2 hunting sling of velocity
 G - a +0 mace of draining
 N - the +11 mace "Ucahuh" (weapon) {drain, rN+}
   (You found it on level 7 of the Dungeon)

   A truly terrible weapon, it drains the life of those it strikes.
   It protects you from negative energy.
Missiles
 r - 9 sling bullets
 U - 5 boomerangs (quivered)
Armour
 c - a +0 shield (worn)
 d - a +0 chain mail (worn)
 n - a +0 pair of boots (worn)
 p - a +0 cloak (worn)
 P - a +0 helmet (worn)
Jewellery
 s - a ring of resist corrosion (left hand)
 t - a +2 ring of strength (right hand)
 D - an amulet of the gourmand (around neck)
 O - an uncursed ring of positive energy
 S - an uncursed ring of protection from magic {unknown}
Wands
 q - a wand of disintegration (17)
 y - a wand of digging (6)
 K - a wand of enslavement (7)
 R - a wand of clouds (4)
Scrolls
 j - a scroll of blinking
 k - a scroll of magic mapping {unknown}
 l - a scroll of fog {unknown}
 o - 2 scrolls of fear
 v - 2 scrolls of remove curse
 x - a scroll of enchant weapon
 A - 2 scrolls of identify {unknown}
 C - a scroll of enchant armour {unknown}
 J - 3 scrolls of teleportation
 L - a scroll of torment {unknown}
 M - a scroll of immolation
Potions
 e - 3 potions of flight {unknown}
 g - a potion of heal wounds {unknown}
 h - 4 potions of curing {unknown}
 i - 2 potions of might
 m - a potion of brilliance {unknown}
 u - 2 potions of berserk rage {unknown}
 w - 3 potions of ambrosia {unknown}
 E - a potion of resistance {unknown}
 I - a potion of haste {unknown}
 T - a potion of mutation {unknown}
Books
 H - a manual of Axes
Comestibles
 f - 9 rations


   Skills:
 * Level 4.8 Fighting
 * Level 5.9 Long Blades
 + Level 5.2(5.6) Axes
 * Level 2.9(4.4) Maces & Flails
 + Level 0.1 Throwing
 * Level 5.3 Armour
 * Level 3.4 Dodging
 * Level 4.1 Stealth
 * Level 5.6 Shields
 + Level 0.3 Evocations


You had 8 spell levels left.
You didn't know any spells.
Your spell library contained the following spells:

 Spells                   Type           Power        Failure   Level  Hunger
 Animate Skeleton         Necr           N/A          100%        1    ##.....
 Apportation              Tloc           #.....       100%        1    ##.....
 Confusing Touch          Hex            #.....       100%        1    ##.....
 Flame Tongue             Conj/Fire      #....        100%        1    ##.....
 Summon Small Mammal      Summ           #...         100%        1    ##.....
 Throw Flame              Conj/Fire      #.....       100%        2    ###....
 Conjure Flame            Conj/Fire      #.......     100%        3    ####...
 Inner Flame              Hex/Fire       #.......     100%        3    ####...
 Sticky Flame             Conj/Fire      #.......     100%        4    #####..
 Fireball                 Conj/Fire      #.........   100%        5    ######.


Dungeon Overview and Level Annotations

Branches:
Dungeon (8/15)             Temple (0/1) D:7            Lair (0/6) D:8


Innate Abilities, Weirdness & Mutations

You have an increased reservoir of magic. (+10% MP)


Message History

The orc warrior is healed somewhat.
You sock the orc priest!
You kill the orc priest!
The orc warrior seems less drained.
You block the orc warrior's attack. You block the orc's attack.
You closely miss the orc. The orc warrior barely misses you.
You sock the orc!
You kill the orc!
The orc warrior hits you but does no damage.
The orc hits you but does no damage.
You sock the orc!
You kill the orc!
The orc warrior hits you from afar with a +0 glaive.
The orc warrior hits you with a +0 glaive!
* * * LOW HITPOINT WARNING * * *
Items here: $ ( )))) [[ †† You thump the orc warrior!
The orc warrior is almost dead.
The orc warrior hits you with a +0 glaive!
You die...

## . $ $.# #.
W.(.#.### #
#....#################
#.o@..............##
#)#.###############..
# #.# ##.... ...
####...P. ....
###)....... ....#..
#.)).[)....
#.....##..##.###......
#..............##.....
........#..##....


You could see an orc warrior.

Vanquished Creatures
  A hippogriff (D:8)
  Sigmund (D:3)
  Menkaure (D:7)
  A hungry ghost (D:8)
  3 wargs (D:8)
  A black bear (D:8)
  An ice beast (D:7)
  2 sky beasts
  A necrophage (D:6)
  3 ogres
  2 bullfrogs
  3 scorpions
  8 wights
  3 crimson imps
  A centaur zombie (D:7)
  4 howler monkeys
  2 orc priests
  A jelly (D:7)
  A bullfrog skeleton (D:8)
  A hound (D:7)
  7 orc wizards
  Crazy Yiuf (D:7)
  3 iguanas
  7 worker ants
  A hound zombie (D:8)
  A hound skeleton (D:6)
  10 adders
  A shadow imp (D:5)
  2 oozes (D:5)
  An adder skeleton (D:8)
  A worm (D:5)
  4 dart slugs
  6 leopard geckos
  15 orcs
  3 ball pythons
  6 giant cockroaches
  4 goblins
  6 hobgoblins
  8 jackals
  4 kobolds (D:3)
  2 quokkas
  4 bats
  6 frilled lizards
  A giant cockroach zombie (D:6)
  2 leopard gecko zombies
  5 rats
152 creatures vanquished.

Vanquished Creatures (others)
  A fungus (D:3)
1 creature vanquished.

Grand Total: 153 creatures vanquished

Notes
Turn   | Place    | Note
-------+----------+-------------------------------------------
     0 | D:1      | Balder the Demigod Fighter began the quest for the Orb.
     0 | D:1      | Reached XP level 1. HP: 18/18 MP: 3/3
   369 | D:1      | Reached XP level 2. HP: 25/25 MP: 4/4
   777 | D:2      | Reached XP level 3. HP: 20/30 MP: 5/5
  1629 | D:3      | Noticed Sigmund
  1638 | D:3      | Killed Sigmund
  1638 | D:3      | Reached skill level 1 in Dodging
  1638 | D:3      | Reached skill level 1 in Stealth
  1638 | D:3      | Reached XP level 4. HP: 38/38 MP: 6/6
  1638 | D:3      | Reached XP level 5. HP: 45/45 MP: 7/7
  1841 | D:3      | Reached skill level 1 in Axes
  2225 | D:3      | Found a blossoming altar of Fedhas.
  2279 | D:3      | Found a stormy altar of Qazlal.
  2320 | D:3      | Reached XP level 6. HP: 45/51 MP: 8/8
  2626 | D:4      | Found a hazy altar of Hepliaklqana.
  2857 | D:4      | Found a hide-covered altar of Uskayaw.
  2914 | D:4      | Reached XP level 7. HP: 57/57 MP: 9/9
  3089 | D:5      | Entered Level 5 of the Dungeon
  3432 | D:5      | Found a white marble altar of Elyvilon.
  3665 | D:5      | Found a shimmering blue altar of Sif Muna.
  3667 | D:5      | Found a shadowy altar of Dithmenos.
  3670 | D:5      | Found an ancient bone altar of Kikubaaqudgha.
  4166 | D:6      | Found an opulent altar of Gozag.
  4192 | D:6      | Reached XP level 8. HP: 64/66 MP: 10/10
  4261 | D:6      | Found a radiant altar of Vehumet.
  4928 | D:7      | Noticed Menkaure
  4939 | D:7      | Killed Menkaure
  4939 | D:7      | Reached skill level 5 in Long Blades
  4977 | D:7      | Reached skill level 5 in Shields
  5524 | D:7      | Found a runed translucent door.
  5525 | D:7      | Noticed Crazy Yiuf
  5532 | D:7      | Killed Crazy Yiuf
  5537 | D:7      | Got a fine mace
  5541 | D:7      | Identified the +11 mace "Ucahuh" {drain, rN+} (You found it
                  | on level 7 of the Dungeon)
  5602 | D:7      | Found a staircase to the Ecumenical Temple.
  5779 | D:7      | Reached XP level 9. HP: 69/71 MP: 11/11
  5835 | D:8      | Reached skill level 5 in Axes
  5835 | D:8      | Reached skill level 5 in Armour
  5978 | D:8      | Found a staircase to the Lair.
  5987 | D:8      | Reached skill level 1 in Maces & Flails
  6373 | D:8      | Slain by an orc warrior

Levels and vault maps discovered:
D:1:      wander_arrival_lonely_grave, layout_rooms, serial_curves,
          eino_curves_03, eino_curves_02, eino_curves_03, eino_curves_04
D:2:      layout_basic, minmay_tall_x
D:3:      layout_basic, grunt_temple_overflow_forces_of_nature, feat_on_display,
          uniq_sigmund
D:4:      layout_rooms, eat_drink_and_be_merry_uskayaw, lemuel_round_altar,
          first_ration, minmay_misc_feat_alley, minmay_fractal_squares_5
D:5:      layout_loops_cross, nicolae_overflow_hidden_temple,
          chequers_serial_rivers_micro_b, elyvilon_altar_4
D:6:      layout_loops_ring, lemuel_round_altar, fiery_altar_vehumet,
          kennysheep_dice
D:7:      layout_rooms, minmay_temple_entry_ruins, minmay_manual_moon,
          uniq_menkaure, uniq_crazy_yiuf_cottage
D:8:      minmay_goldmine, layout_rooms, erik_lair_orcish_takeover, special_room
          [special_room_orc]

Skill      XL: |  1  2  3  4  5  6  7  8  9 |
---------------+----------------------------+-----
Long Blades    | 2 3 4 5 |  5.9
Armour         | 3 4 5 |  5.3
Fighting       | 3 4 |  4.8
Shields        | 3 4 5 |  5.6
Dodging        | 1 2 3 |  3.4
Stealth        | 1 2 3 4 |  4.1
Axes           | 1 2 3 4 5 |  5.2
Maces & Flails | 2 |  2.9
Throwing       | |  0.1
Evocations     | |  0.3

Action                   |  1- 3 |  4- 6 |  7- 9 || total
-------------------------+-------+-------+-------++-------
Melee: Long sword        |   124 |    54 |       ||   178
       War axe           |     3 |    40 |   117 ||   160
       Falchion          |       |       |   114 ||   114
       Mace              |       |       |    82 ||    82
Throw: Throwing net      |     1 |       |     1 ||     2
Evoke: Wand              |       |       |     2 ||     2
  Use: Potion            |     1 |       |       ||     1
       Scroll            |       |     3 |     3 ||     6
  Eat: Chunk             |     2 |     1 |    21 ||    24
       Ration            |       |     1 |       ||     1
Armor: Scale mail        |    74 |    32 |    28 ||   134
       Chain mail        |       |       |    98 ||    98
Dodge: Dodged            |    38 |    30 |    80 ||   148
Block: Shield            |    53 |    44 |   148 ||   245
       Rpst.: Long sword |    11 |     9 |       ||    20
       Falchion          |       |       |     7 ||     7
